 Dungeon Crawl Stone Soup version 0.23-a0-726-g9fa1570 (webtiles) character file.

4462 tidbits the Protected (level 10, 13/76 HPs)
             Began as a Gnoll Wanderer on Jan 16, 2019.
             Quit the game on level 11 of the Dungeon.
             The game lasted 00:26:48 (2587 turns).

tidbits the Protected (Gnoll Wanderer)              Turns: 2587, Time: 00:26:48

Health: 13/76      AC: 15    Str: 14    XL:     10   Next: 37%
Magic:  29/29      EV: 12    Int: 18    God:
Gold:   294        SH:  0    Dex: 18    Spells: 22/23 levels left

rFire    . . .     SeeInvis .   a - +10 trident "Gemephua" {pain, rPois Dex+3}
rCold    + . .     Gourm    .   (no shield)
rNeg     . . .     Faith    +   B - +2 scale mail
rPois    +         Spirit   .   E - +1 hat
rElec    .         Reflect  .   C - +1 cloak
rCorr    .         Harm     .   G - +0 pair of gloves
MR       .....                  (no boots)
Stlth    ++........             F - amulet of faith
HPRegen  0.22/turn              g - ring of protection from cold
MPRegen  0.21/turn              r - ring of magical power

@: no status effects
A: distributed training, fangs 1, strong nose
a: no special abilities


You were on level 11 of the Dungeon.
You were not hungry.

You visited 2 branches of the dungeon, and saw 12 of its levels.

You collected 294 gold pieces.

Inventory:

Hand Weapons
 a - the +10 trident "Gemephua" (weapon) {pain, rPois Dex+3}
   (You found it on level 5 of the Dungeon)

   In the hands of one skilled in necromantic magic, it inflicts extra damage on
   living creatures.
   It affects your dexterity (+3).
   It protects you from poison.
 b - a +0 hand crossbow
 j - a +0 dagger
 k - a +0 hunting sling
 m - a +0 scimitar
 w - the +7 war axe "Gnoll's Death" {chop, *Rage rC+ SInv}
   (You found it on level 9 of the Dungeon)

   It inflicts extra damage upon your enemies.
   It protects you from cold.
   It lets you see invisible.
   It may make you go berserk in combat.
 y - a +0 shortbow
 A - a +2 long sword of flaming
   (You took it off an orc warrior on level 8 of the Dungeon)
 N - a +2 dagger of venom
   (You took it off a kobold on level 11 of the Dungeon)
Missiles
 c - 57 bolts
 l - 3 stones (quivered)
 I - 57 arrows
Armour
 o - a scarf of resistance
   (You found it on level 6 of the Dungeon)
 B - a +2 scale mail (worn)
 C - a +1 cloak (worn)
 E - a +1 hat (worn)
 G - a +0 pair of gloves (worn)
 K - a +1 robe of magic resistance
   (You took it off a wight on level 10 of the Dungeon)
 M - a scarf of spirit shield
   (You found it on level 10 of the Dungeon)
Magical Staves
 p - an uncursed staff of cold {unknown}
   (You found it on level 6 of the Dungeon)
Jewellery
 g - a ring of protection from cold (left hand)
   (You found it on level 3 of the Dungeon)
 r - a ring of magical power (right hand)
   (You found it on level 7 of the Dungeon)
 u - an uncursed ring of positive energy
   (You found it on level 4 of the Dungeon)
 F - an amulet of faith (around neck)
   (You found it on level 8 of the Dungeon)
Wands
 J - a wand of clouds (3)
Scrolls
 e - 3 scrolls of remove curse
 h - 4 scrolls of amnesia
 s - 2 scrolls of enchant weapon
 x - a scroll of teleportation
 H - a scroll of fog
Potions
 i - a potion of haste
 n - a potion of lignification
 q - a potion of might
 t - a potion of agility
 v - 3 potions of invisibility
 z - a potion of ambrosia
 D - a potion of cancellation
 L - a potion of flight
Comestibles
 f - 10 rations


   Skills:
 + Level 5.8 Fighting
 + Level 5.1 Short Blades
 + Level 5.1 Long Blades
 + Level 5.1 Axes
 + Level 5.1 Maces & Flails
 + Level 5.1 Polearms
 + Level 5.1 Staves
 + Level 5.1 Slings
 + Level 5.1 Bows
 + Level 5.8 Crossbows
 + Level 5.1 Throwing
 + Level 8.4 Armour
 + Level 5.1 Dodging
 + Level 5.7 Stealth
 + Level 5.8 Shields
 + Level 5.1 Unarmed Combat
 + Level 7.2 Spellcasting
 + Level 4.2 Conjurations
 + Level 4.2 Hexes
 + Level 4.2 Charms
 + Level 4.2 Summonings
 + Level 4.2 Necromancy
 + Level 4.2 Translocations
 + Level 4.2 Transmutations
 + Level 4.2 Fire Magic
 + Level 4.2 Ice Magic
 + Level 4.8 Air Magic
 + Level 4.2 Earth Magic
 + Level 4.2 Poison Magic
 + Level 5.6 Invocations
 + Level 5.1 Evocations


You had 22 spell levels left.
You knew the following spells:

 Your Spells              Type           Power        Failure   Level  Hunger
a - Flame Tongue          Conj/Fire      ###..        6%          1    None

Your spell library contained the following spells:

 Spells                   Type           Power        Failure   Level  Hunger
 Shock                    Conj/Air       ###.         5%          1    None
 Corona                   Hex            ###....      6%          1    None
 Swiftness                Chrm/Air       ###.....     9%          2    None
 Ensorcelled Hibernation  Hex/Ice        ###...       10%         2    None
 Static Discharge         Conj/Air       ###.....     17%         3    #......
 Confuse                  Hex            ###.....     19%         3    #......
 Dazzling Spray           Conj/Hex       ###...       19%         3    #......
 Inner Flame              Hex/Fire       ###.....     19%         3    #......
 Summon Guardian Golem    Hex/Summ       ###.....     19%         3    #......
 Tukima's Dance           Hex            ###.....     19%         3    #......
 Airstrike                Air            ###.......   45%         4    ###....
 Throw Icicle             Conj/Ice       ###.....     54%         4    ###....
 Lightning Bolt           Conj/Air       ###.......   83%         5    #####..
 Bolt of Draining         Conj/Necr      ###.......   87%         5    #####..
 Orb of Destruction       Conj           ###.......   100%        7    #######


Dungeon Overview and Level Annotations

Branches:
Dungeon (11/15)            Temple (1/1) D:6
   Lair: D:8-11         Orc: D:9-12

Altars:
Ashenzari
Dithmenos
Elyvilon
Fedhas
Gozag
Hepliaklqana
Kikubaaqudgha
Makhleb
Nemelex Xobeh
Okawaru
Qazlal
Ru
Trog
Uskayaw
Vehumet
Wu Jian
Yredelemnul
Zin
The Shining One

Shops:
D:5 :


Innate Abilities, Weirdness & Mutations

Your experience applies equally to all skills.
You have very sharp teeth.
Your uncanny sense of smell can sniff out nearby items.


Message History

The centaur warrior hits you.
You puncture the centaur warrior!
The centaur warrior writhes in agony.
The centaur warrior is moderately wounded.
The centaur warrior hits you!
* * * LOW HITPOINT WARNING * * *
The centaur warrior completely misses you.
You hit the centaur warrior.
The centaur warrior writhes in agony.
The centaur warrior is moderately wounded.
You feel sick.
You are no longer poisoned.
The centaur warrior hits you.
* * * LOW HITPOINT WARNING * * *
You feel much better.
The centaur warrior hits you but does no damage.
The centaur warrior closely misses you.
You puncture the centaur warrior!
The centaur warrior writhes in agony.
The centaur warrior is severely wounded.
The centaur warrior closely misses you.
You hit the centaur warrior.
The centaur warrior is severely wounded.
The centaur warrior hits you. The centaur warrior barely misses you.
You barely miss the centaur warrior.
The centaur warrior is severely wounded.
The centaur warrior hits you. x2
You completely miss the centaur warrior.
The centaur warrior is severely wounded.
The centaur warrior closely misses you.
You closely miss the centaur warrior.
The centaur warrior is severely wounded.
The centaur warrior hits you. The centaur warrior hits you!
* * * LOW HITPOINT WARNING * * *
You hit the centaur warrior.
The centaur warrior is severely wounded.
The centaur warrior hits you.
* * * LOW HITPOINT WARNING * * *
The centaur warrior closely misses you.
You puncture the centaur warrior!
The centaur warrior is almost dead.
The centaur warrior completely misses you.
You hit the centaur warrior. Your bite misses the centaur warrior.
The centaur warrior is almost dead.
The centaur warrior barely misses you.
The centaur warrior hits you but does no damage.
You puncture the centaur warrior!
You kill the centaur warrior!
Your Short Blades skill increases to level 5!
Your Long Blades skill increases to level 5!
Your Axes skill increases to level 5!
Your Maces & Flails skill increases to level 5!
Your Polearms skill increases to level 5!
Your Staves skill increases to level 5!
Your Slings skill increases to level 5!
Your Bows skill increases to level 5!
Your Throwing skill increases to level 5!
Your Dodging skill increases to level 5!
Your Unarmed Combat skill increases to level 5!
Your Evocations skill increases to level 5!
Unknown command.
You barely miss the vampire mosquito.
The vampire mosquito bites you but does no damage. x3
You puncture the vampire mosquito! Your bite misses the vampire mosquito.
The vampire mosquito is heavily damaged.
The vampire mosquito bites you but does no damage.
The vampire mosquito bites you.
* * * LOW HITPOINT WARNING * * *
The vampire mosquito draws strength from your injuries!
You completely miss the vampire mosquito.
The vampire mosquito is heavily damaged.
The vampire mosquito bites you.
* * * LOW HITPOINT WARNING * * *
The vampire mosquito draws strength from your injuries!
The vampire mosquito closely misses you.
You puncture the vampire mosquito!
The vampire mosquito is heavily damaged.
The vampire mosquito bites you.
* * * LOW HITPOINT WARNING * * *
The vampire mosquito draws strength from your injuries!
You puncture the vampire mosquito!
The vampire mosquito is severely damaged.
The vampire mosquito bites you but does no damage.
The vampire mosquito barely misses you.
You closely miss the vampire mosquito.
The vampire mosquito is severely damaged.
The vampire mosquito closely misses you.
The vampire mosquito bites you but does no damage.
The vampire mosquito closely misses you.
You closely miss the vampire mosquito.
The vampire mosquito is severely damaged.
The vampire mosquito closely misses you.
The vampire mosquito misses you.
You hit the vampire mosquito.
The vampire mosquito is severely damaged.
The vampire mosquito bites you but does no damage.
The vampire mosquito bites you!
* * * LOW HITPOINT WARNING * * *
The vampire mosquito draws strength from your injuries!
You barely miss the vampire mosquito. You bite the vampire mosquito.
The vampire mosquito is severely damaged.
The vampire mosquito bites you but does no damage.
The vampire mosquito barely misses you.
Are you sure you want to abandon this character and quit the game? (Confirm with "yes".)

∆ ### ∆ #..## ∆ ##y###
#%#@.### .Jc#....###
.?.y.#......###
###.|.#...#....### ....##
#. ###%#..###.....#
....#.###
..###..#(....###
....##.#.####..#...(..###
....#.#.#.#### #....###
....##.#.#.#.###).###


You could see a vampire mosquito.

Vanquished Creatures
  A centaur warrior (D:11)
  A hornet (D:8)
  A redback (D:11)
  5 yaks (D:9)
  A hungry ghost (D:9)
  A soldier ant (D:9)
  2 orc warriors (D:8)
  2 ice beasts
  A phantom (D:8)
  4 ogres
  4 centaurs
  A big kobold (D:11)
  2 bullfrogs
  A wyvern skeleton (D:10)
  3 scorpions
  6 wights
  A howler monkey (D:6)
  4 jellies
  2 crimson imps
  2 orc priests
  2 bullfrog skeletons
  2 hounds (D:8)
  An orc wizard (D:6)
  An iguana (D:4)
  3 worker ants
  A killer bee zombie (D:5)
  9 adders
  A shadow imp (D:5)
  An ooze (D:2)
  A worm (D:4)
  3 dart slugs
  2 leopard geckos
  11 orcs
  A bat (D:1)
  4 giant cockroaches
  5 goblins
  3 hobgoblins
  8 jackals
  10 kobolds
  2 quokkas
  2 frilled lizards
  2 rats
120 creatures vanquished.

Notes
Turn   | Place    | Note
-------+----------+-------------------------------------------
     0 | D:1      | tidbits the Gnoll Wanderer began the quest for the Orb.
     0 | D:1      | tidbits set off with the following items: a +2 scale mail,
                  | a +0 hand crossbow, 25 bolts, a ration; and the following
                  | spell memorised: Flame Tongue; and the following spells
                  | available to memorise: Inner Flame
     0 | D:1      | Reached XP level 1. HP: 17/17 MP: 6/6
    83 | D:1      | Reached skill level 2 in Air Magic
   136 | D:2      | Reached XP level 2. HP: 23/23 MP: 7/7
   256 | D:3      | Reached XP level 3. HP: 25/28 MP: 9/9
   321 | D:3      | Noticed an ogre
   327 | D:3      | Killed an ogre
   327 | D:3      | Reached skill level 1 in Short Blades
   327 | D:3      | Reached skill level 1 in Long Blades
   327 | D:3      | Reached skill level 1 in Axes
   327 | D:3      | Reached skill level 1 in Maces & Flails
   327 | D:3      | Reached skill level 1 in Polearms
   327 | D:3      | Reached skill level 1 in Staves
   327 | D:3      | Reached skill level 1 in Slings
   327 | D:3      | Reached skill level 1 in Bows
   327 | D:3      | Reached skill level 1 in Throwing
   327 | D:3      | Reached skill level 1 in Dodging
   327 | D:3      | Reached skill level 1 in Unarmed Combat
   327 | D:3      | Reached skill level 5 in Spellcasting
   327 | D:3      | Reached skill level 1 in Conjurations
   327 | D:3      | Reached skill level 1 in Hexes
   327 | D:3      | Reached skill level 1 in Charms
   327 | D:3      | Reached skill level 1 in Summonings
   327 | D:3      | Reached skill level 1 in Necromancy
   327 | D:3      | Reached skill level 1 in Translocations
   327 | D:3      | Reached skill level 1 in Transmutations
   327 | D:3      | Reached skill level 1 in Fire Magic
   327 | D:3      | Reached skill level 1 in Ice Magic
   327 | D:3      | Reached skill level 1 in Earth Magic
   327 | D:3      | Reached skill level 1 in Poison Magic
   327 | D:3      | Reached skill level 1 in Invocations
   327 | D:3      | Reached skill level 1 in Evocations
   327 | D:3      | Reached XP level 4. HP: 14/34 MP: 11/11
   345 | D:3      | Reached XP level 5. HP: 20/40 MP: 12/12
   466 | D:2      | Reached skill level 3 in Fighting
   466 | D:2      | Reached skill level 3 in Crossbows
   466 | D:2      | Reached skill level 3 in Shields
   480 | D:2      | Found an opulent altar of Gozag.
   533 | D:2      | Found an iron altar of Okawaru.
   747 | D:4      | Reached skill level 2 in Invocations
   747 | D:4      | Reached XP level 6. HP: 47/47 MP: 13/13
   844 | D:4      | Reached skill level 3 in Stealth
   952 | D:5      | Entered Level 5 of the Dungeon
   952 | D:5      | Noticed an ice beast
   956 | D:5      | Killed an ice beast
   956 | D:5      | Reached skill level 2 in Short Blades
   956 | D:5      | Reached skill level 2 in Long Blades
   956 | D:5      | Reached skill level 2 in Axes
   956 | D:5      | Reached skill level 2 in Maces & Flails
   956 | D:5      | Reached skill level 2 in Polearms
   956 | D:5      | Reached skill level 2 in Staves
   956 | D:5      | Reached skill level 2 in Slings
   956 | D:5      | Reached skill level 2 in Bows
   956 | D:5      | Reached skill level 2 in Throwing
   956 | D:5      | Reached skill level 2 in Dodging
   956 | D:5      | Reached skill level 2 in Unarmed Combat
   956 | D:5      | Reached skill level 2 in Evocations
   976 | D:5      | Got a shimmering trident
   977 | D:5      | Identified the +10 trident "Gemephua" {pain, rPois Dex+3}
                  | (You found it on level 5 of the Dungeon)
  1013 | D:5      | Reached XP level 7. HP: 52/52 MP: 15/15
  1035 | D:5      | Reached skill level 7 in Armour
  1081 | D:6      | Found a staircase to the Ecumenical Temple.
  1089 | Temple   | Entered the Ecumenical Temple
  1193 | D:6      | Reached skill level 2 in Conjurations
  1193 | D:6      | Reached skill level 2 in Hexes
  1193 | D:6      | Reached skill level 2 in Charms
  1193 | D:6      | Reached skill level 2 in Summonings
  1193 | D:6      | Reached skill level 2 in Necromancy
  1193 | D:6      | Reached skill level 2 in Translocations
  1193 | D:6      | Reached skill level 2 in Transmutations
  1193 | D:6      | Reached skill level 2 in Fire Magic
  1193 | D:6      | Reached skill level 2 in Ice Magic
  1193 | D:6      | Reached skill level 2 in Earth Magic
  1193 | D:6      | Reached skill level 2 in Poison Magic
  1197 | D:6      | Reached skill level 3 in Air Magic
  1357 | D:5      | Found Qyci's Book Shop.
  1496 | D:4      | Reached skill level 3 in Invocations
  1742 | D:7      | Found an ancient bone altar of Kikubaaqudgha.
  1794 | D:7      | Reached XP level 8. HP: 60/60 MP: 16/16
  1819 | D:8      | Noticed a hornet
  1835 | D:8      | Killed a hornet
  1835 | D:8      | Reached skill level 4 in Fighting
  1835 | D:8      | Reached skill level 3 in Short Blades
  1835 | D:8      | Reached skill level 3 in Long Blades
  1835 | D:8      | Reached skill level 3 in Axes
  1835 | D:8      | Reached skill level 3 in Maces & Flails
  1835 | D:8      | Reached skill level 3 in Polearms
  1835 | D:8      | Reached skill level 3 in Staves
  1835 | D:8      | Reached skill level 3 in Slings
  1835 | D:8      | Reached skill level 3 in Bows
  1835 | D:8      | Reached skill level 4 in Crossbows
  1835 | D:8      | Reached skill level 3 in Throwing
  1835 | D:8      | Reached skill level 3 in Dodging
  1835 | D:8      | Reached skill level 4 in Stealth
  1835 | D:8      | Reached skill level 4 in Shields
  1835 | D:8      | Reached skill level 3 in Unarmed Combat
  1835 | D:8      | Reached skill level 6 in Spellcasting
  1835 | D:8      | Reached skill level 3 in Evocations
  1976 | D:8      | Reached skill level 4 in Invocations
  1985 | D:8      | Reached skill level 3 in Conjurations
  1985 | D:8      | Reached skill level 3 in Hexes
  1985 | D:8      | Reached skill level 3 in Charms
  1985 | D:8      | Reached skill level 3 in Summonings
  1985 | D:8      | Reached skill level 3 in Necromancy
  1985 | D:8      | Reached skill level 3 in Translocations
  1985 | D:8      | Reached skill level 3 in Transmutations
  1985 | D:8      | Reached skill level 3 in Fire Magic
  1985 | D:8      | Reached skill level 3 in Ice Magic
  1985 | D:8      | Reached skill level 3 in Earth Magic
  1985 | D:8      | Reached skill level 3 in Poison Magic
  1985 | D:8      | Reached XP level 9. HP: 35/66 MP: 18/18
  1999 | D:8      | Found a stormy altar of Qazlal.
  2003 | D:8      | Found a glowing golden altar of the Shining One.
  2006 | D:8      | Found a shattered altar of Ashenzari.
  2006 | D:8      | Found an ornate altar of the Wu Jian Council.
  2006 | D:8      | Found a glowing silver altar of Zin.
  2013 | D:8      | Found a sacrificial altar of Ru.
  2015 | D:8      | Found a shadowy altar of Dithmenos.
  2016 | D:8      | Found a burning altar of Makhleb.
  2090 | D:8      | Reached skill level 4 in Short Blades
  2090 | D:8      | Reached skill level 4 in Long Blades
  2090 | D:8      | Reached skill level 4 in Axes
  2090 | D:8      | Reached skill level 4 in Maces & Flails
  2090 | D:8      | Reached skill level 4 in Polearms
  2090 | D:8      | Reached skill level 4 in Staves
  2090 | D:8      | Reached skill level 4 in Slings
  2090 | D:8      | Reached skill level 4 in Bows
  2090 | D:8      | Reached skill level 4 in Throwing
  2090 | D:8      | Reached skill level 4 in Dodging
  2090 | D:8      | Reached skill level 4 in Unarmed Combat
  2090 | D:8      | Reached skill level 4 in Air Magic
  2090 | D:8      | Reached skill level 4 in Evocations
  2225 | D:9      | Identified Duggoympi's Disquisition on Lethal Creation
  2228 | D:9      | Got a smoking war axe
  2235 | D:9      | Reached skill level 5 in Fighting
  2235 | D:9      | Reached skill level 5 in Crossbows
  2235 | D:9      | Reached skill level 5 in Shields
  2236 | D:9      | Identified the +7 war axe "Gnoll's Death" {chop, *Rage rC+
                  | SInv} (You found it on level 9 of the Dungeon)
  2285 | D:10     | Entered Level 10 of the Dungeon
  2316 | D:10     | Reached skill level 5 in Stealth
  2344 | D:9      | Reached skill level 8 in Armour
  2352 | D:9      | Reached skill level 5 in Invocations
  2421 | D:9      | Reached XP level 10. HP: 70/74 MP: 20/20
  2468 | D:10     | Reached skill level 7 in Spellcasting
  2513 | D:11     | Reached skill level 4 in Conjurations
  2513 | D:11     | Reached skill level 4 in Hexes
  2513 | D:11     | Reached skill level 4 in Charms
  2513 | D:11     | Reached skill level 4 in Summonings
  2513 | D:11     | Reached skill level 4 in Necromancy
  2513 | D:11     | Reached skill level 4 in Translocations
  2513 | D:11     | Reached skill level 4 in Transmutations
  2513 | D:11     | Reached skill level 4 in Fire Magic
  2513 | D:11     | Reached skill level 4 in Ice Magic
  2513 | D:11     | Reached skill level 4 in Earth Magic
  2513 | D:11     | Reached skill level 4 in Poison Magic
  2557 | D:11     | Noticed a centaur warrior
  2577 | D:11     | Killed a centaur warrior
  2577 | D:11     | Reached skill level 5 in Short Blades
  2577 | D:11     | Reached skill level 5 in Long Blades
  2577 | D:11     | Reached skill level 5 in Axes
  2577 | D:11     | Reached skill level 5 in Maces & Flails
  2577 | D:11     | Reached skill level 5 in Polearms
  2577 | D:11     | Reached skill level 5 in Staves
  2577 | D:11     | Reached skill level 5 in Slings
  2577 | D:11     | Reached skill level 5 in Bows
  2577 | D:11     | Reached skill level 5 in Throwing
  2577 | D:11     | Reached skill level 5 in Dodging
  2577 | D:11     | Reached skill level 5 in Unarmed Combat
  2577 | D:11     | Reached skill level 5 in Evocations
  2587 | D:11     | Quit the game

Vault maps used:
D:1:      psy_arrival_dodecagon
D:2:      nicolae_gozag_cash_rules_everything_around_me,
          chequers_ecumenical_altar_simple, first_ration, hangedman_glass_teeth,
          minivault_11, okawaru_metal_pillars_3
D:4:      grunt_ministairs_5
D:5:      serial_shops, shop
D:6:      lemuel_ratsnest, grunt_temple_overflow_open, minmay_temple_entry_tees
D:7:      kennysheep_mini, st_stairs_8, hex_large
D:8:      minitemple
D:9:      xom_shifter_show, lair_entry_dummy, basic_altar, grunt_livestock,
          chequers_garden, minivault_29
D:10:     minmay_misc_feat_more_columns, lemuel_statue_altar
D:11:     minmay_the_grid_triangle_9x9_rhombus_thin, orc_0_dummy
Temple:   compressed_dpeg_triangle_lava_temple

Skill      XL: |  1  2  3  4  5  6  7  8  9 10 |
---------------+-------------------------------+-----
Air Magic      | 2 3 4 |  4.8
Short Blades   | 1 2 3 4 5 |  5.1
Long Blades    | 1 2 3 4 5 |  5.1
Axes           | 1 2 3 4 5 |  5.1
Maces & Flails | 1 2 3 4 5 |  5.1
Polearms       | 1 2 3 4 5 |  5.1
Staves         | 1 2 3 4 5 |  5.1
Slings         | 1 2 3 4 5 |  5.1
Bows           | 1 2 3 4 5 |  5.1
Throwing       | 1 2 3 4 5 |  5.1
Dodging        | 1 2 3 4 5 |  5.1
Unarmed Combat | 1 2 3 4 5 |  5.1
Spellcasting   | 5 6 7 |  7.2
Conjurations   | 1 2 3 4 |  4.2
Hexes          | 1 2 3 4 |  4.2
Charms         | 1 2 3 4 |  4.2
Summonings     | 1 2 3 4 |  4.2
Necromancy     | 1 2 3 4 |  4.2
Translocations | 1 2 3 4 |  4.2
Transmutations | 1 2 3 4 |  4.2
Fire Magic     | 1 2 3 4 |  4.2
Ice Magic      | 1 2 3 4 |  4.2
Earth Magic    | 1 2 3 4 |  4.2
Poison Magic   | 1 2 3 4 |  4.2
Invocations    | 1 2 3 4 5 |  5.6
Evocations     | 1 2 3 4 5 |  5.1
Fighting       | 3 4 5 |  5.8
Crossbows      | 3 4 5 |  5.8
Shields        | 3 4 5 |  5.8
Stealth        | 3 4 5 |  5.7
Armour         | 7 8 |  8.4

Action                   |  1- 3 |  4- 6 |  7- 9 | 10-12 || total
-------------------------+-------+-------+-------+-------++-------
Melee: Trident           |       |     8 |   178 |    63 ||   249
       Bite              |       |     1 |    19 |     7 ||    27
       Punch             |       |       |     4 |       ||     4
       War axe           |       |       |    11 |       ||    11
 Fire: Hand crossbow     |    34 |    86 |    17 |       ||   137
Throw: Stone             |       |       |    14 |     1 ||    15
  Use: Scroll            |       |       |    16 |     4 ||    20
       Potion            |       |       |     3 |     1 ||     4
 Stab: Sleeping          |       |       |     2 |     1 ||     3
  Eat: Ration            |     1 |       |     2 |       ||     3
Armor: Scale mail        |    13 |    29 |    70 |    22 ||   134
Dodge: Dodged            |    11 |    27 |    64 |    29 ||   131

Table legend:
 A = Non-vault XP
 B = Vault XP
 C = Vault XP percentage of total XP
 D = Non-vault monster count
 E = Vault monster count
 F = Vault count percentage of total count
                 A         B        C        D         E       F
            +---------+---------+-------+---------+---------+-------
      Total |    4675 |    1700 |  26.7 |     110 |      10 |   8.3
            +---------+---------+-------+---------+---------+-------
        D:1 |       7 |       0 |   0.0 |       4 |       0 |   0.0
        D:2 |      62 |       0 |   0.0 |      12 |       0 |   0.0
        D:3 |     202 |       0 |   0.0 |      17 |       0 |   0.0
        D:4 |      91 |      72 |  44.2 |       6 |       2 |  25.0
        D:5 |     388 |       0 |   0.0 |       9 |       0 |   0.0
        D:6 |     332 |       0 |   0.0 |      10 |       0 |   0.0
        D:7 |     104 |       0 |   0.0 |       3 |       0 |   0.0
        D:8 |    1805 |       0 |   0.0 |      29 |       0 |   0.0
        D:9 |    1274 |     157 |  11.0 |       7 |       1 |  12.5
       D:10 |     261 |       0 |   0.0 |       4 |       0 |   0.0
       D:11 |     149 |    1471 |  90.8 |       9 |       7 |  43.8
            +---------+---------+-------+---------+---------+-------

Table legend:
 A = Turns spent in this place as a percentage of turns spent in the entire game.
 B = Non-inter-level travel turns spent in this place as a percentage of non-inter-level travel turns spent in the entire game.
 C = Inter-level travel turns spent in this place as a percentage of turns spent in this place.
 D = Turns resting spent in this place as a percentage of non-inter-level travel turns spent in this place.
 E = Turns spent auto-exploring this place as a percentage of non-inter-level travel turns spent in this place.
 F = Non-inter-level travel turns spent in this place divided by the number of levels of this place that you've seen.
                   A       B       C       D       E      F
               +-------+-------+-------+-------+-------+----------------------
         Total | 100.0 | 100.0 |   0.9 |   0.0 |   0.0 | 213.6
       Dungeon |  97.6 |  97.6 |   1.0 |   0.0 |   0.0 | 227.4
        Temple |   2.4 |   2.4 |   0.0 |   0.0 |   0.0 |  62.0
               +-------+-------+-------+-------+-------+----------------------

Table legend:
 A = Kills in this place as a percentage of kills in entire the game.
 B = Kills by you in this place as a percentage of kills by you in the entire game.
 C = Kills by friends in this place as a percentage of kills by friends in the entire game.
 D = Other kills in this place as a percentage of other kills in the entire game.
 E = Experience gained in this place as a percentage of experience gained in the entire game.
 F = Experience gained in this place divided by the number of levels of this place that you have seen.
                   A       B       C       D       E      F
               +-------+-------+-------+-------+-------+----------------------
         Total | 100.0 | 100.0 |   N/A |   N/A | 100.0 | 531.2
       Dungeon | 100.0 | 100.0 |   N/A |   N/A | 100.0 | 579.5
               +-------+-------+-------+-------+-------+----------------------

Vault maps used:
D:1:      psy_arrival_dodecagon
D:2:      nicolae_gozag_cash_rules_everything_around_me,
          chequers_ecumenical_altar_simple, first_ration, hangedman_glass_teeth,
          minivault_11, okawaru_metal_pillars_3
D:4:      grunt_ministairs_5
D:5:      serial_shops, shop
D:6:      lemuel_ratsnest, grunt_temple_overflow_open, minmay_temple_entry_tees
D:7:      kennysheep_mini, st_stairs_8, hex_large
D:8:      minitemple
D:9:      xom_shifter_show, lair_entry_dummy, basic_altar, grunt_livestock,
          chequers_garden, minivault_29
D:10:     minmay_misc_feat_more_columns, lemuel_statue_altar
D:11:     minmay_the_grid_triangle_9x9_rhombus_thin, orc_0_dummy
Temple:   compressed_dpeg_triangle_lava_temple
